 Dungeon Crawl Stone Soup version 0.27-a0-1500-g450c7e4133 (webtiles) character file.

Game seed: 11197614946585581700

464367 mojowtm the Sorcerer (level 23, -13/116 HPs)
             Began as a Deep Elf Conjurer on July 7, 2021.
             Was the Champion of Vehumet.
             Mangled by Mennas (19 damage)
             ... on level 3 of the Crypt on July 8, 2021.
             The game lasted 05:46:36 (72805 turns).

mojowtm the Sorcerer (Deep Elf Conjurer)           Turns: 72805, Time: 05:46:37

Health: -13/116    AC: 11    Str: 12    XL:     23   Next: 42%
Magic:  37/78      EV: 12    Int: 39    God:    Vehumet [******]
Gold:   1858       SH:  0    Dex: 10    Spells: 4/72 levels left

rFire    . . .     SeeInvis +   b - staff of earth
rCold    + + +     Faith    .   (no shield)
rNeg     + + +     Spirit   .   B - +0 robe {Archmagi}
rPois    ∞         Reflect  .   M - +3 hat of Pondering {ponderous, Will+ MP+10 Int+5}
rElec    .         Harm     .   N - scarf {rC+ rF+}
rCorr    .         Rampage  .   (no gloves)
Will     ++++.     Archmagi +   (no boots)
Stlth    ++........             m - amulet of magic regeneration
HPRegen  0.29/turn              R - ring of wizardry
MPRegen  0.71/turn              Y - ring of Woriarou {Ice MP+9 Str+8 Dex-3 SInv}

@: lich-form, glowing, studying Ice Magic, slow
A: draining attack, torment immunity, no potions, talons 1, high mp 1, screaming
1
}: 2/15 runes: decaying, gossamer
a: End Transformation, Renounce Religion


You were on level 3 of the Crypt.
You worshipped Vehumet.
Vehumet was exalted by your worship.
You were an undead lich.
You visited 9 branches of the dungeon, and saw 43 of its levels.
You also visited: Sewer and Wizlab.

You collected 5223 gold pieces.
You spent 3365 gold pieces at shops.

Inventory:

Hand Weapons
 a - the +10 rapier "Dragonbane" {vorpal, +Blink rElec rC+ Stlth+}
   (You took it off a centaur on level 10 of the Dungeon)

   It inflicts extra damage upon your enemies.
   rC:        It protects you from cold.
   rElec:     It insulates you from electricity.
   +Blink:    It lets you blink.
   Stlth:     It makes you more stealthy.
 f - the +5 war axe of Crawling {vorpal, rF+++ rCorr Str-4 Int+4}
   (You took it off an ironbound convoker on level 3 of the Vaults)

   It inflicts extra damage upon your enemies.
   Str:       It affects your strength (-4).
   Int:       It affects your intelligence (+4).
   rF:        It renders you almost immune to fire.
   rCorr:     It protects you from acid and corrosion.
 H - a +4 quick blade of electrocution
Missiles
 i - 182 poisoned darts (quivered)
 v - 30 curare-tipped darts
Armour
 B - a +0 robe of the Archmagi (worn)
 C - a +2 robe of resistance
 M - the +3 hat of Pondering (worn) {ponderous, Will+ MP+10 Int+5}
   (You found it on level 3 of the Elven Halls)

   Int:       It affects your intelligence (+5).
   MP:        It affects your magic capacity (+10).
   Will:      It increases your willpower.
 N - a scarf of resistance (worn)
 X - a +2 robe of positive energy
 Z - a +2 robe of willpower
Magical Staves
 b - a staff of earth (weapon)
 I - a staff of poison
 U - a staff of cold
Jewellery
 h - a ring of wizardry
 l - the ring "Vocvi" {rC+ Will- rCorr MP+9 Stlth+}
   (You found it on level 14 of the Dungeon)

   [ring of resist corrosion]

   rC:        It protects you from cold.
   MP:        It affects your magic capacity (+9).
   rCorr:     It protects you from acid and corrosion.
   Will:      It decreases your willpower.
   Stlth:     It makes you more stealthy.
 m - an amulet of magic regeneration (around neck)
 G - a ring of flight
 J - a ring of magical power
 R - a ring of wizardry (left hand)
 Y - the ring of Woriarou (right hand) {Ice MP+9 Str+8 Dex-3 SInv}
   (You acquired it on level 2 of the Orcish Mines)

   [ring of ice]

   It enhances your ice magic.
   Str:       It affects your strength (+8).
   Dex:       It affects your dexterity (-3).
   rF:        It makes you vulnerable to fire.
   rC:        It protects you from cold.
   MP:        It affects your magic capacity (+9).
   SInv:      It lets you see invisible.
Wands
 r - a wand of polymorph (31)
 s - a wand of paralysis (47)
 t - a wand of iceblast (80)
 w - a wand of charming (32)
 L - a wand of digging (7)
 W - a wand of acid (18)
Scrolls
 k - 25 scrolls of teleportation
 p - 4 scrolls of blinking
 u - 4 scrolls of fog
 y - 2 scrolls of magic mapping
 A - 9 scrolls of fear
 P - 2 scrolls of holy word
 S - a scroll of amnesia
 V - a scroll of identify
Potions
 c - 3 potions of berserk rage
 d - 2 potions of haste
 e - 4 potions of magic
 g - 8 potions of heal wounds
 j - 25 potions of curing
 n - 6 potions of invisibility
 o - 6 potions of might
 q - 13 potions of flight
 x - 6 potions of ambrosia
 z - 4 potions of resistance
 D - a potion of cancellation
 O - 3 potions of brilliance
 Q - 3 potions of mutation
Miscellaneous
 E - a condenser vane
 F - a box of beasts
 K - a phantom mirror
 T - a phial of floods


   Skills:
 - Level 3.8 Fighting
 - Level 14.0 Short Blades
 - Level 5.0 Throwing
 - Level 2.4 Dodging
 - Level 14.2 Stealth
 + Level 25.1 Spellcasting
 - Level 7.1 Conjurations
 - Level 14.0 Hexes
 * Level 15.1 Necromancy
 - Level 4.8 Translocations
 * Level 12.6 Transmutations
 - Level 6.1 Ice Magic
 - Level 4.8 Air Magic
 - Level 22.4 Earth Magic
 - Level 5.3 Poison Magic
 - Level 4.9 Evocations


You had 4 spell levels left.
You knew the following spells:

 Your Spells              Type           Power      Damage    Failure   Level
a - Swiftness             Air            92%        N/A       1%          3
b - Olgreb's Toxic Radia  Pois           94%        N/A       1%          4
c - Passwall              Tmut/Erth      100%       N/A       0%          2
d - Iskenderun's Mystic   Conj/Tloc      97%        2d19      1%          4
e - Invisibility          Hex            63%        N/A       1%          6
f - Necromutation         Tmut/Necr      75%        N/A       3%          8
g - Blink                 Tloc           N/A        N/A       1%          2
h - Sublimation of Blood  Necr           77%        N/A       0%          2
i - Shatter               Erth           86%        3d62*     1%          9
j - Dispel Undead         Necr           100%       3d31      0%          4
k - Stone Arrow           Conj/Erth      100%       3d13      0%          3
l - Mephitic Cloud        Conj/Pois/Air  96%        N/A       1%          3
m - Airstrike             Air            46%        N/A       1%          4
n - Borgnjor's Vile Clut  Necr/Erth      95%        N/A       0%          5
o - Polar Vortex          Ice            60%        N/A       92%         9

Your spell library contained the following spells:

 Spells                   Type           Power      Damage    Failure   Level
 Maxwell's Capacitive Co  Air            46%        ∞         32%         8
 Chain Lightning          Conj/Air       48%        3d64      93%         9
 Corona                   Hex            100%       N/A       0%          1
 Magic Dart               Conj           100%       1d8       0%          1
 Pain                     Necr           100%       1d9       0%          1
 Sandblast                Erth           100%       2d20      0%          1
 Sting                    Tmut/Pois      100%       1d8       0%          1
 Slow                     Hex            100%       N/A       0%          2
 Dazzling Flash           Conj/Hex       100%       N/A       0%          3
 Leda's Liquefaction      Hex/Erth       81%        N/A       0%          4
 Petrify                  Tmut/Erth      100%       N/A       0%          4
 Apportation              Tloc           100%       N/A       1%          1
 Foxfire                  Conj/Fire      100%       2x1d9     1%          1
 Freeze                   Ice            100%       1d11      1%          1
 Shock                    Conj/Air       100%       1d9       1%          1
 Call Imp                 Summ           65%        N/A       1%          2
 Poisonous Vapours        Pois/Air       100%       N/A       1%          2
 Searing Ray              Conj           100%       3d7       1%          2
 Static Discharge         Conj/Air       97%        N/A       1%          2
 Call Canine Familiar     Summ           65%        N/A       1%          3
 Conjure Flame            Conj/Fire      86%        6-21      1%          3
 Frozen Ramparts          Ice            100%       1d12      1%          3
 Gell's Gravitas          Tloc           46%        N/A       1%          3
 Ignite Poison            Fire/Tmut/Pois 97%        N/A       1%          3
 Inner Flame              Hex/Fire       100%       N/A       1%          3
 Lesser Beckoning         Tloc           46%        N/A       1%          3
 Ozocubu's Armour         Ice            100%       N/A       1%          3
 Portal Projectile        Hex/Tloc       100%       N/A       1%          3
 Animate Armour           Summ/Erth      100%       N/A       1%          4
 Fulminant Prism          Conj/Hex       57%        3d25      1%          4
 Hailstorm                Conj/Ice       100%       3d20      1%          4
 Ice Form                 Ice/Tmut       100%       N/A       1%          4
 Sticky Flame             Conj/Fire      86%        2d10      1%          4
 Summon Ice Beast         Ice/Summ       100%       N/A       1%          4
 Agony                    Necr           100%       N/A       0%          5
 Excruciating Wounds      Necr           77%        N/A       0%          5
 Lee's Rapid Deconstruct  Erth           86%        3d39*     0%          5
 Alistair's Intoxication  Tmut/Pois      72%        N/A       1%          5
 Blade Hands              Tmut           61%        N/A       1%          5
 Bolt of Magma            Conj/Fire/Erth 68%        4d26      1%          5
 Irradiate                Conj/Tmut      56%        3d32      1%          5
 Iskenderun's Battlesphe  Conj           100%       2d15      1%          5
 Manifold Assault         Tloc           92%        N/A       1%          5
 Metabolic Englaciation   Hex/Ice        68%        N/A       1%          5
 Summon Mana Viper        Hex/Summ       100%       N/A       1%          5
 Eringya's Noxious Bog    Tmut/Pois      54%        N/A       1%          6
 Iron Shot                Conj/Erth      76%        9d14      1%          6
 Simulacrum               Ice/Necr       82%        N/A       1%          6
 Starburst                Conj/Fire      43%        8x6d12    1%          6
 Statue Form              Tmut/Erth      100%       N/A       1%          6
 Dragon Form              Tmut           61%        N/A       1%          7
 Lehudib's Crystal Spear  Conj/Erth      76%        10d17     1%          8
 Orb of Destruction       Conj           51%        9d16      2%          7
 Borgnjor's Revivificati  Necr           77%        N/A       2%          8
 Discord                  Hex            63%        N/A       3%          8
 Storm Form               Tmut/Air       54%        N/A       4%          7
 Death's Door             Necr           77%        N/A       32%         9
 Malign Gateway           Summ/Tloc      40%        N/A       43%         7
 Summon Horrible Things   Summ           32%        N/A       100%        8


Dungeon Overview and Level Annotations

Branches:
Dungeon (15/15)            Temple (1/1) D:4            Lair (6/6) D:11
  Swamp (4/4) Lair:3       Spider (4/4) Lair:4        Slime (0/5) Lair:6
    Orc (2/2) D:9             Elf (3/3) Orc:2        Vaults (5/5) D:13
  Crypt (3/3) Vaults:2     Depths (0/5) D:15          Sewer (visited)
 WizLab (visited)
   Tomb: Crypt:3

Altars:
Ashenzari
Cheibriados
Dithmenos
Elyvilon
Fedhas
Gozag
Hepliaklqana
Kikubaaqudgha
Makhleb
Nemelex Xobeh
Okawaru
Qazlal
Ru
Sif Muna
Trog
Uskayaw
Vehumet
Wu Jian
Xom
Yredelemnul
Zin
The Shining One
Beogh
Jiyva
Lugonu

Shops:
D:1 *   D:11 [   D:12 *   Orc:2 ?:([:   Elf:1 *   Elf:2 =:=   Elf:3 (=*
Vaults:1 [

Portals:
Trove: Vaults:1 (give +2 gold dragon scales)

Annotations:
D:6 1 runed translucent door, pyrow613's ghost, novice DgCj
D:14 5 exclusions, Agnes
Crypt:3 Mennas


Innate Abilities, Weirdness & Mutations

You are an undead lich.
Your unarmed attacks are suffused with negative energy.
You are immune to unholy pain and torment.
Your necromantic spells are more powerful.
You are immune to poison.
You cannot drink.
You have sharp toenails.
You have an increased reservoir of magic. (+10% MP)
You occasionally shout uncontrollably at your foes.


Message History

Mennas is heavily wounded.
Ka-crash!
You hear a hideous shriek! x3; You hear a shout!
An ancient champion comes into view. It is wielding a +2 vorpal battleaxe.
Unknown command.
Casting: Shatter (dangerous; 1% risk of failure)
Confirm with . or Enter, or press ? or * to list all spells.
You feel a strong surge of power!
The dungeon rumbles!
Mennas is severely wounded.
You destroy the ancient champion!
Vehumet accepts your kill.
You feel your power returning.
Ka-crash!
Mennas hits you from afar with a +0 trishula of holy wrath!
You convulse.
Mennas closely misses you.
Mennas hits you from afar with a +0 trishula of holy wrath!!
You convulse.
Mennas hits you from afar with a +0 trishula of holy wrath.
You convulse.
Casting: Shatter (dangerous; 1% risk of failure)
Confirm with . or Enter, or press ? or * to list all spells.
You feel a strong surge of power!
The dungeon rumbles!
Mennas is almost dead.
Ka-crash!
You hear a hideous shriek! x3
Mennas hits you from afar with a +0 trishula of holy wrath!!
You convulse!!
* * * LOW HITPOINT WARNING * * *
Mennas hits you from afar with a +0 trishula of holy wrath.
* * * LOW HITPOINT WARNING * * *
You convulse.
* * * LOW HITPOINT WARNING * * *
Mennas gestures frantically.
Mennas is healed somewhat.
Mennas hits you from afar with a +0 trishula of holy wrath.
* * * LOW HITPOINT WARNING * * *
You convulse.
* * * LOW HITPOINT WARNING * * *
Mennas hits you from afar with a +0 trishula of holy wrath!!
You die...

....).#.#
#......#.#
##.#.......
#.#....... #
#.......#
#..##..A...#
..........##
#...L...#
..........##
.#.....<..#
....#......#
...
......... ..
.#..##...#.
. .#... ....
# .##.##
##.#.


You could see Mennas (fast).

Vanquished Creatures
  Mara (Vaults:2)
  Boris (twice) (Vaults:4 Crypt:1)
  Frederick (Vaults:2)
  Bai Suzhen (Spider:3)
  Margery (Vaults:2)
  Arachne (Spider:2)
  Rupert (Lair:6)
  Jorgrun (Swamp:3)
  2 titans (Vaults:5)
  A tentacled monstrosity (Swamp:4)
  2 deep elf blademasters (Elf:3)
  Asterion (Elf:1)
  2 deep elf master archers (Elf:3)
  A quicksilver dragon (Vaults:5)
  3 sphinxes
  2 ancient champions
  2 thorn hunters
  Kirke (D:12)
  Donald (Swamp:3)
  A shadow dragon (Vaults:5)
  A storm dragon (Vaults:5)
  2 fenstrider witches
  An iron dragon (Vaults:5)
  5 deep elf sorcerers
  3 frost giants (Vaults:5)
  4 ghost moths
  A fire giant (Vaults:5)
  5 orc warlords
  12 vault wardens
  A juggernaut zombie (D:15)
  7 emperor scorpions
  2 ghouls (Crypt:2)
  4 deep elf elementalists
  3 war gargoyles
  12 ironbound preservers
  A stone giant (Vaults:5)
  4 very ugly things (Vaults:3)
  6 deep elf demonologists (Elf:3)
  5 vampire knights
  6 deep elf annihilators
  6 entropy weavers
  3 bunyips
  9 purple draconians (WizLab)
  A dire elephant (Vaults:3)
  3 eleionomae
  Snorg (D:10)
  An ettin (Orc:1)
  9 statues (WizLab)
  7 deep elf death magi
  Josephine (D:12)
  8 jiangshi
  7 great orbs of eyes
  10 yaktaur captains
  9 ironbound thunderhulks
  A shambling mangrove (Swamp:4)
  A rakshasa (D:11)
  Erolcha (D:11)
  3 deep elf high priests
  41 vault guards
  2 catoblepae
  3 peacekeepers
  2 ice dragons
  5 ogre magi
  8 ironbound frosthearts
  9 boulder beetles
  3 ghost crabs
  5 centaur warriors
  21 hydras
  34 dancing weapons
  2 tengu warriors
  4 alligators
  3 death yaks (Lair:6)
  9 two-headed ogres
  3 ironbound beastmasters (Vaults:3)
  9 vampire magi
  A soul eater (Crypt:2)
  3 shadow wraiths (Crypt:2)
  4 hell knights (Vaults:2)
  Sonja (D:11)
  17 deep elf knights
  Nergalle (D:10)
  3 goliath frogs
  19 skeletal warriors
  A ghost moth zombie (Crypt:1)
  4 spriggan druids
  11 swamp dragons
  39 deep trolls
  2 golden dragon zombies (Crypt:2)
  5 wizards
  2 flayed ghosts
  3 bog bodies
  7 phantasmal warriors
  18 ironbound convokers
  10 lindwurms
  An anaconda skeleton (Crypt:2)
  10 deep elf archers
  6 harpies
  27 deep elf zephyrmancers
  7 necromancers
  12 orc knights
  12 wolf spider zombies
  A fire giant zombie (Crypt:2)
  35 deep elf pyromancers
  13 ugly things
  5 cyclopes
  4 will-o-the-wisps
  19 orb spiders
  28 wolf spiders
  2 moths of wrath
  7 orc sorcerers (Orc:2)
  A stone giant zombie (Vaults:1)
  A frost giant zombie (D:15)
  2 manticores
  3 stone giant skeletons
  4 black mambas
  2 human skeletons
  A shock serpent zombie (Crypt:2)
  A black mamba (shapeshifter) (Elf:3)
  16 vault sentinels
  5 elephants
  3 frost giant skeletons
  11 cane toads
  2 fire giant skeletons (Vaults:2)
  6 torpor snails (Lair:6)
  2 shock serpent skeletons
  4 rime drakes
  3 elf skeletons
  An unseen horror (D:11)
  A kobold demonologist (D:12)
  An anaconda simulacrum (Crypt:1)
  A human zombie (Vaults:1)
  A freezing wraith (Crypt:1)
  11 komodo dragons
  30 yaktaurs
  11 redback zombies (Spider:3)
  23 tengu conjurers
  14 demonic crawlers
  2 yaktaur skeletons (Vaults:2)
  A bloated husk (Swamp:1)
  6 trolls
  35 jumping spiders
  15 tyrant leeches
  A guardian mummy (D:15)
  A polar bear (Lair:6)
  6 meliai
  11 hornets
  6 blink frogs
  A fire giant simulacrum (Crypt:1)
  A guardian serpent zombie (Crypt:1)
  A death drake skeleton (Crypt:2)
  36 slime creatures
  7 tarantella zombies (Spider:3)
  3 dream sheep (Lair:6)
  An ettin zombie (Vaults:2)
  Sigmund (D:6)
  A deep troll skeleton (Vaults:2)
  A shadow (D:12)
  3 air elementals (Elf:3)
  78 redbacks
  6 spriggans
  An ettin skeleton (Vaults:2)
  26 tarantellas
  A wyvern (Lair:6)
  A centaur simulacrum (D:11)
  2 water elementals (Elf:1)
  A vampire (D:12)
  A wyvern (shapeshifter) (Elf:1)
  11 wraiths
  3 fire elementals
  3 humans (D:12)
  A human (shapeshifter) (D:13)
  31 yaks
  9 basilisks
  Edmund (D:6)
  2 steam dragons
  4 vampire mosquitoes (Swamp:3)
  2 wargs
  An acid dragon (shapeshifter) (D:15)
  A harpy simulacrum (Crypt:2)
  17 swamp worms
  6 acid dragons
  19 water moccasins
  A merfolk skeleton (Crypt:1)
  22 orc warriors
  10 swamp drakes
  A meliai simulacrum (D:14)
  A sky beast (D:6)
  A black bear (D:7)
  A hornet zombie (D:7)
  2 necrophages
  22 wolves
  12 ogres
  3 boggarts (Vaults:2)
  5 centaurs
  The ghost of avis the Insei, an amateur MfTm (D:3)
  A rime drake zombie (Crypt:1)
  A hog zombie (Crypt:1)
  A phantom (D:7)
  A komodo dragon zombie (Crypt:2)
  4 kobold brigands
  A bullfrog (shapeshifter) (Elf:1)
  12 bullfrogs
  2 earth elementals (Elf:1)
  5 scorpions
  A draconian skeleton (Crypt:1)
  A cane toad simulacrum (Crypt:1)
  A water moccasin skeleton (D:6)
  12 wights
  12 killer bees
  A troll skeleton (Crypt:1)
  3 electric eels
  4 howler monkeys
  A human simulacrum (Vaults:2)
  A centaur zombie (D:9)
  A bullfrog zombie (D:5)
  A jelly (D:6)
  18 orc priests
  6 centaur skeletons
  6 iguanas
  33 orc wizards
  2 merfolk sirens (Sewer)
  A merfolk avatar (Sewer)
  An acid dragon zombie (Crypt:1)
  A killer bee zombie (D:7)
  A tengu zombie (Crypt:1)
  A hound zombie (Crypt:1)
  A mummy (D:4)
  2 howler monkey zombies
  3 gnolls (D:2)
  5 adders
  2 howler monkey skeletons (D:7)
  4 river rats
  2 shadow imps
  2 white imps (D:7)
  An adder skeleton (D:4)
  3 dart slugs
  60 orcs
  8 endoplasms
  4 giant cockroaches
  13 goblins
  10 hobgoblins
  11 jackals
  7 quokkas
  7 ball pythons
  A ball python skeleton (Crypt:2)
  4 bats
  9 frilled lizards
  14 kobolds
  An orc skeleton (Crypt:2)
  30 rats
1649 creatures vanquished.

Vanquished Creatures (collateral kills)
  A hydra (Swamp:4)
  2 swamp dragons (Swamp:4)
3 creatures vanquished.

Vanquished Creatures (others)
  A hydra (Swamp:4)
  A deep elf pyromancer (Elf:1)
  An orc knight (D:15)
  A human (D:12)
  A killer bee (D:10)
  A howler monkey (D:12)
  8 foxfires
  40 fungi
  62 plants
  8 withered plants (D:15)
124 creatures vanquished.

Grand Total: 1776 creatures vanquished

Notes
Turn   | Place    | Note
-------+----------+-------------------------------------------
     0 | D:1      | mojowtm the Deep Elf Conjurer began the quest for the Orb.
     0 | D:1      | Reached XP level 1. HP: 10/10 MP: 6/6
   146 | D:1      | Reached XP level 2. HP: 15/15 MP: 4/8
   228 | D:1      | Learned a level 2 spell: Searing Ray
   331 | D:1      | Found Nocul's General Store.
  1375 | D:1      | Learned a level 2 spell: Passwall
  1662 | D:2      | Reached XP level 3. HP: 20/20 MP: 10/10
  2041 | D:2      | Reached skill level 4 in Spellcasting
  2049 | D:2      | Reached XP level 4. HP: 24/24 MP: 9/12
  2054 | D:2      | Learned a level 4 spell: Iskenderun's Mystic Blast
  2168 | D:2      | Reached skill level 5 in Conjurations
  2171 | D:2      | Reached skill level 1 in Transmutations
  2173 | D:2      | Reached skill level 1 in Earth Magic
  2249 | D:2      | Found a faded altar of an unknown god.
  2800 | D:3      | Found a runed translucent door.
  2803 | D:3      | Noticed avis's ghost (amateur MfTm)
  2853 | D:3      | Reached skill level 1 in Fighting
  3468 | D:4      | Reached skill level 1 in Translocations
  3468 | D:4      | Reached XP level 5. HP: 29/29 MP: 7/13
  3630 | D:4      | Found a burning altar of Makhleb.
  3780 | D:4      | Reached skill level 1 in Throwing
  3950 | D:4      | Found a snail-covered altar of Cheibriados.
  4128 | D:4      | Found a staircase to the Ecumenical Temple.
  4133 | D:4      | Reached XP level 6. HP: 34/34 MP: 8/14
  4138 | Temple   | Entered the Ecumenical Temple
  4426 | D:4      | Found a broken altar of Ashenzari.
  4431 | D:4      | Saw a vision of the Swamp and the Spider Nest.
  4431 | D:4      | Noticed a will-o-the-wisp
  4431 | D:4      | Noticed a wolf spider
  4431 | D:4      | Noticed a will-o-the-wisp
  4431 | D:4      | Noticed a redback
  4431 | D:4      | Noticed a redback
  4431 | D:4      | Noticed a redback
  4431 | D:4      | Noticed an alligator
  4434 | D:4      | Noticed a redback
  4649 | D:5      | Entered Level 5 of the Dungeon
  5000 | D:5      | Reached skill level 1 in Evocations
  5002 | D:5      | Reached skill level 5 in Spellcasting
  5239 | D:5      | Reached XP level 7. HP: 20/38 MP: 9/16
  5526 | D:5      | Found a blossoming altar of Fedhas.
  5528 | D:5      | Found an ancient bone altar of Kikubaaqudgha.
  6001 | D:6      | Found a hazy altar of Hepliaklqana.
  6012 | D:6      | Reached XP level 8. HP: 18/44 MP: 4/18
  6079 | D:6      | Reached skill level 6 in Spellcasting
  6090 | D:6      | Found a glowing drain.
  6203 | Sewer    | Entered a sewer
  7152 | D:6      | Found a runed translucent door.
  7155 | D:6      | Noticed pyrow613's ghost (novice DgCj)
  7713 | D:6      | Reached XP level 9. HP: 47/49 MP: 13/21
  7794 | D:6      | Noticed Edmund
  7838 | D:6      | Killed Edmund
  7839 | D:6      | Reached skill level 7 in Spellcasting
  8215 | D:6      | Noticed Sigmund
  8221 | D:6      | Killed Sigmund
  8222 | D:6      | Reached skill level 5 in Stealth
  8377 | D:1      | Bought a book of Party Tricks for 300 gold pieces
  8386 | D:1      | Learned a level 6 spell: Invisibility
  8471 | D:3      | Killed avis's ghost
  8472 | D:3      | Reached skill level 1 in Hexes
  9174 | D:7      | Learned a level 5 spell: Lee's Rapid Deconstruction
  9257 | D:7      | Reached skill level 8 in Spellcasting
  9326 | D:7      | Reached skill level 5 in Hexes
  9737 | D:7      | Reached skill level 9 in Spellcasting
 10226 | D:8      | Reached XP level 10. HP: 54/54 MP: 17/25
 11012 | D:9      | Noticed a two-headed ogre
 11020 | D:9      | Killed a two-headed ogre
 11605 | D:9      | Found an iron altar of Okawaru.
 11639 | D:9      | Found a staircase to the Orcish Mines.
 11674 | D:9      | Reached skill level 10 in Spellcasting
 11754 | D:9      | Reached skill level 10 in Hexes
 12278 | D:9      | Found a stormy altar of Qazlal.
 12298 | D:9      | Found a hide-covered altar of Uskayaw.
 12518 | D:10     | Entered Level 10 of the Dungeon
 12536 | D:10     | Identified the +10 rapier "Dragonbane" {vorpal, +Blink
                  | rElec rC+ Stlth+}
 13095 | D:10     | Noticed a manticore
 13107 | D:10     | Killed a manticore
 13108 | D:10     | Reached skill level 11 in Spellcasting
 13563 | D:10     | Noticed a two-headed ogre
 13581 | D:10     | Killed a two-headed ogre
 13582 | D:10     | Reached XP level 11. HP: 59/59 MP: 22/28
 13888 | D:10     | Found a basalt altar of Yredelemnul.
 13888 | D:10     | Noticed Nergalle
 13893 | D:10     | Found a glowing golden altar of the Shining One.
 13893 | D:10     | Found a sparkling altar of Nemelex Xobeh.
 13894 | D:10     | Found a glowing silver altar of Zin.
 13908 | D:10     | Killed Nergalle
 13909 | D:10     | Found a radiant altar of Vehumet.
 13910 | D:10     | Found a bloodstained altar of Trog.
 13922 | D:10     | Became a worshipper of Vehumet
 14075 | D:10     | Noticed Snorg
 14234 | D:10     | Killed Snorg
 14593 | D:11     | Noticed a two-headed ogre
 14605 | D:11     | Killed a two-headed ogre
 14606 | D:11     | Reached skill level 12 in Spellcasting
 14704 | D:11     | Found Maseem's Antique Armour Emporium.
 14820 | D:11     | Bought a glowing helmet for 157 gold pieces
 14982 | D:11     | Noticed a rakshasa
 14993 | D:11     | Killed a rakshasa
 15495 | D:11     | Found a staircase to the Lair.
 15538 | D:11     | Noticed Erolcha
 15540 | D:11     | Noticed a boulder beetle
 15544 | D:11     | Killed Erolcha
 15545 | D:11     | Reached skill level 13 in Spellcasting
 15546 | D:11     | Noticed a boulder beetle
 15703 | D:11     | Killed a boulder beetle
 15782 | D:11     | Killed a boulder beetle
 15783 | D:11     | Reached skill level 14 in Spellcasting
 16235 | D:11     | Reached skill level 5 in Earth Magic
 16364 | D:11     | Reached XP level 12. HP: 64/64 MP: 29/32
 16375 | D:11     | Reached * piety under Vehumet
 16375 | D:11     | Offered knowledge of Freeze by Vehumet.
 16603 | D:11     | Noticed Sonja
 16613 | D:11     | Killed Sonja
 16850 | D:12     | Reached skill level 1 in Short Blades
 16926 | D:12     | Noticed Kirke
 16938 | D:12     | Killed Kirke
 17454 | D:12     | Found Tuekies's General Store.
 17637 | D:12     | Bought a scroll of brand weapon for 240 gold pieces
 17808 | D:12     | Noticed a boulder beetle
 17825 | D:12     | Killed a boulder beetle
 17900 | D:12     | Noticed Josephine
 18000 | D:12     | Killed Josephine
 18001 | D:12     | Reached skill level 5 in Short Blades
 18005 | D:12     | Noticed a boulder beetle
 18182 | D:12     | Killed a boulder beetle
 18596 | D:13     | Learned a level 3 spell: Frozen Ramparts
 18867 | D:13     | Found a large runed translucent door.
 18868 | D:13     | Found a large runed translucent door.
 19029 | D:13     | Found a gate to the Vaults.
 19192 | D:13     | Noticed a two-headed ogre
 19209 | D:13     | Noticed an ogre mage
 19226 | D:13     | Paralysed by something for 7 turns
 19232 | D:13     | HP: 1/64 [something (10)]
 19532 | D:13     | Killed an ogre mage
 19616 | D:13     | Noticed a two-headed ogre
 19619 | D:13     | Reached XP level 13. HP: 68/68 MP: 12/33
 19948 | D:13     | Reached skill level 10 in Stealth
 20237 | D:13     | Reached skill level 10 in Short Blades
 20664 | D:13     | Learned a level 2 spell: Sublimation of Blood
 20669 | D:13     | Learned a level 4 spell: Petrify
 21058 | D:13     | Reached ** piety under Vehumet
 21059 | D:13     | Offered knowledge of Static Discharge by Vehumet.
 21260 | D:14     | Noticed Agnes
 21915 | D:14     | Identified the ring "Vocvi" {rC+ Will- rCorr MP+9 Stlth+}
 22161 | D:15     | Entered Level 15 of the Dungeon
 22432 | D:15     | Reached XP level 14. HP: 72/72 MP: 34/34
 22451 | D:15     | Offered knowledge of Poisonous Vapours by Vehumet.
 22561 | D:15     | Found a staircase to the Depths.
 22762 | D:15     | Reached *** piety under Vehumet
 23189 | Lair:1   | Entered Level 1 of the Lair of Beasts
 23541 | Lair:1   | You fall into a shaft and drop 1 floor!
 24083 | Lair:1   | Offered knowledge of Sticky Flame by Vehumet.
 24172 | Lair:1   | Learned a level 4 spell: Dispel Undead
 25810 | Lair:3   | Found a staircase to the Swamp.
 25861 | Lair:3   | Reached **** piety under Vehumet
 25898 | Lair:3   | Found a hide-covered altar of Uskayaw.
 26398 | Lair:3   | Found an ornate altar of the Wu Jian Council.
 26449 | Lair:3   | Offered knowledge of Stone Arrow by Vehumet.
 26454 | Lair:3   | Learned a level 3 spell: Stone Arrow
 26819 | Lair:4   | Reached skill level 1 in Necromancy
 26819 | Lair:4   | Reached skill level 1 in Ice Magic
 26837 | Lair:4   | You fall into a shaft and drop 2 floors!
 26837 | Lair:6   | Entered Level 6 of the Lair of Beasts
 26939 | Lair:6   | Found a viscous altar of Jiyva.
 26941 | Lair:6   | Found a staircase to the Slime Pits.
 27623 | Lair:4   | Found a hole to the Spider Nest.
 28367 | Lair:4   | Learned a level 3 spell: Mephitic Cloud
 28616 | Lair:5   | Reached XP level 15. HP: 78/78 MP: 35/35
 28827 | Lair:5   | Reached skill level 1 in Air Magic
 28827 | Lair:5   | Reached skill level 1 in Poison Magic
 29440 | Lair:5   | Reached XP level 16. HP: 83/83 MP: 36/36
 30003 | Lair:6   | Noticed Rupert
 30014 | Lair:6   | Killed Rupert
 30251 | Lair:6   | Reached skill level 5 in Necromancy
 30957 | Lair:6   | Reached skill level 5 in Ice Magic
 31123 | Lair:6   | Reached ***** piety under Vehumet
 31213 | Lair:6   | Offered knowledge of Freezing Cloud by Vehumet.
 31234 | Lair:6   | Identified the +6 short sword of Unpleasantness {vorpal,
                  | rF+ Int+4 Dex+4}
 31637 | Lair:6   | Found a runed translucent door.
 31703 | Lair:6   | Got the Collected Works on Shifting Curses
 32356 | Orc:1    | Entered Level 1 of the Orcish Mines
 32850 | Orc:2    | Entered Level 2 of the Orcish Mines
 33071 | Orc:1    | Reached skill level 15 in Spellcasting
 33433 | Orc:2    | Found Wuezxet's Book Shoppe.
 33464 | Orc:2    | Bought a book of Air for 264 gold pieces
 33471 | Orc:2    | Learned a level 4 spell: Airstrike
 33630 | Orc:2    | Found a staircase to the Elven Halls.
 33769 | Orc:2    | Reached skill level 5 in Poison Magic
 33962 | Orc:2    | Found Teofug's Antique Armour Boutique.
 34090 | Orc:2    | Found an ancient bone altar of Kikubaaqudgha.
 34097 | Orc:2    | Paralysed by an orc sorcerer for 3 turns
 34118 | Orc:2    | Reached skill level 5 in Throwing
 34512 | Orc:2    | Found a radiant altar of Vehumet.
 34554 | Orc:2    | Found Luokh's Antique Weapon Boutique.
 34554 | Orc:2    | Found Qoetuwn's Book Shop.
 34577 | Orc:2    | Found Fyolihyf's Magic Scroll Shop.
 34629 | Orc:2    | Bought a scroll of blinking for 90 gold pieces
 34629 | Orc:2    | Bought a scroll of teleportation for 36 gold pieces
 34629 | Orc:2    | Bought a scroll of amnesia for 42 gold pieces
 34629 | Orc:2    | Bought a scroll of teleportation for 36 gold pieces
 34680 | Orc:2    | Bought a scroll of acquirement for 624 gold pieces
 34682 | Orc:2    | Acquired the ring of Woriarou {Ice MP+9 Str+8 Dex-3 SInv}
 34693 | Orc:2    | Learned a level 3 spell: Swiftness
 34982 | Orc:2    | Bought a book of the Earth for 480 gold pieces
 35056 | Elf:1    | Entered Level 1 of the Elven Halls
 35333 | Elf:1    | Noticed Asterion
 36175 | D:15     | Gained mutation: You are weak. (Str -2) [mutagenic glow]
 36687 | Swamp:1  | Entered Level 1 of the Swamp
 36896 | Swamp:1  | Offered knowledge of Olgreb's Toxic Radiance by Vehumet.
 37129 | Swamp:1  | Reached XP level 17. HP: 66/88 MP: 38/38
 37603 | Swamp:1  | Reached skill level 16 in Spellcasting
 38142 | Swamp:2  | Reached skill level 10 in Earth Magic
 38351 | Swamp:2  | You fall into a shaft and drop 1 floor!
 39263 | Swamp:3  | Noticed Jorgrun
 39270 | Swamp:3  | Killed Jorgrun
 39323 | Swamp:3  | Noticed Donald
 40515 | Swamp:3  | Killed Donald
 40712 | Swamp:4  | Entered Level 4 of the Swamp
 40726 | Swamp:4  | Reached skill level 17 in Spellcasting
 40900 | Swamp:4  | Noticed a tentacled monstrosity
 41060 | Swamp:4  | Killed a tentacled monstrosity
 42956 | Swamp:4  | Offered knowledge of Iron Shot by Vehumet.
 43352 | Swamp:4  | Learned a level 6 spell: Iron Shot
 43436 | Swamp:4  | Got a decaying rune of Zot
 43823 | Orc:2    | Bought a Young Poisoner's Handbook for 240 gold pieces
 43828 | Orc:2    | Learned a level 4 spell: Olgreb's Toxic Radiance
 44039 | Spider:1 | Entered Level 1 of the Spider Nest
 44636 | Spider:1 | Reached XP level 18. HP: 93/93 MP: 41/41
 44710 | Spider:1 | Reached skill level 18 in Spellcasting
 45734 | Spider:2 | Offered knowledge of Spellforged Servitor by Vehumet.
 45751 | Spider:2 | Noticed Arachne
 46230 | Spider:2 | Learned a level 5 spell: Borgnjor's Vile Clutch
 46649 | Spider:2 | Killed Arachne
 46650 | Spider:2 | Reached skill level 15 in Earth Magic
 47962 | Spider:3 | Offered knowledge of Starburst by Vehumet.
 48778 | Spider:4 | Entered Level 4 of the Spider Nest
 48813 | Spider:4 | Reached skill level 19 in Spellcasting
 49717 | Spider:3 | Noticed Bai Suzhen
 49731 | Spider:3 | Killed Bai Suzhen
 50354 | Spider:4 | Offered knowledge of Yara's Violent Unravelling by Vehumet.
 50607 | Spider:4 | Learned a level 2 spell: Blink
 51442 | Spider:4 | Reached XP level 19. HP: 93/98 MP: 41/44
 52343 | Spider:4 | Got a gossamer rune of Zot
 52356 | Spider:4 | Learned a level 9 spell: Shatter
 52709 | Vaults:1 | Entered Level 1 of the Vaults
 52977 | Vaults:1 | Reached skill level 20 in Spellcasting
 54784 | Vaults:1 | Found Xaojig's Armour Emporium.
 54788 | Vaults:1 | Bought a scarf of resistance for 448 gold pieces
 55821 | Vaults:1 | Found a portal to a secret trove of treasure.
 56530 | Vaults:2 | Noticed Margery
 56531 | Vaults:2 | Reached ****** piety under Vehumet
 56531 | Vaults:2 | Offered knowledge of Ozocubu's Refrigeration by Vehumet.
 56532 | Vaults:2 | Killed Margery
 56647 | Vaults:2 | Noticed Frederick
 56657 | Vaults:2 | Killed Frederick
 56659 | Vaults:2 | Noticed Mara
 56663 | Vaults:2 | Reached skill level 21 in Spellcasting
 56908 | Vaults:2 | Noticed mojowtm's illusion
 56908 | Vaults:2 | Killed Mara
 56909 | Vaults:2 | Reached XP level 20. HP: 103/103 MP: 44/47
 57105 | Vaults:2 | Gained mutation: Your magical capacity is low. (-10% MP)
                  | [mutagenic glow]
 57235 | Vaults:2 | Found a staircase to the Crypt.
 57930 | Vaults:2 | Lost mutation: Your magical capacity is low. (-10% MP)
                  | [potion of mutation]
 57930 | Vaults:2 | Gained mutation: You occasionally shout uncontrollably at
                  | your foes. [potion of mutation]
 57930 | Vaults:2 | Gained mutation: You have sharp toenails. [potion of
                  | mutation]
 57930 | Vaults:2 | Lost mutation: You are weak. (Str -2) [potion of mutation]
 57930 | Vaults:2 | Gained mutation: You have an increased reservoir of magic.
                  | (+10% MP) [potion of mutation]
 59182 | Vaults:3 | Identified the +5 war axe of Crawling {vorpal, rF+++ rCorr
                  | Str-4 Int+4}
 59795 | Vaults:3 | Reached skill level 22 in Spellcasting
 61092 | Vaults:4 | Reached XP level 21. HP: 107/107 MP: 6/54
 61758 | Vaults:4 | Noticed Boris
 61761 | Vaults:4 | Killed Boris
 62673 | Vaults:4 | Offered knowledge of Chain Lightning by Vehumet.
 62673 | Vaults:4 | Offered knowledge of Polar Vortex by Vehumet.
 62673 | Vaults:4 | Offered knowledge of Maxwell's Capacitive Coupling by
                  | Vehumet.
 62925 | Vaults:4 | Learned a level 9 spell: Polar Vortex
 63332 | Elf:1    | Killed Asterion
 63458 | Elf:1    | Identified the +8 rapier "Voulicue" {venom, Dex+3}
 63489 | Elf:1    | Reached skill level 23 in Spellcasting
 64110 | Elf:1    | Found Sijiwkit's Gadget Gallery.
 64119 | Elf:1    | Bought a wand of acid (6) for 360 gold pieces
 65040 | Elf:2    | Found Feduify's Jewellery Emporium.
 65049 | Elf:2    | Found Sethri's Book Boutique.
 65050 | Elf:2    | Found Popin's Jewellery Emporium.
 65377 | Elf:2    | Found a runed translucent gate.
 65377 | Elf:2    | Found a runed translucent gate.
 65377 | Elf:2    | Found a runed translucent gate.
 65734 | Elf:2    | Reached skill level 24 in Spellcasting
 66202 | Elf:2    | Learned a level 8 spell: Necromutation
 66203 | Elf:3    | Entered Level 3 of the Elven Halls
 66203 | Elf:3    | Found Viteed's Antique Weapon Shop.
 66241 | Elf:3    | Found a magical portal.
 66252 | WizLab   | Entered Iskenderun's Mystic Tower
 66812 | WizLab   | Reached skill level 5 in Transmutations
 67014 | WizLab   | Reached skill level 10 in Necromancy
 67197 | WizLab   | Identified the +1 plate armour "Guokoer" {rC+}
 67209 | WizLab   | Got Iskenderun's Reference Book on Confrontation
 67209 | WizLab   | Got Iskenderun's Reference Book on Battle Magic
 67232 | WizLab   | Reached XP level 22. HP: 84/112 MP: 52/57
 67635 | Elf:3    | Found Momij's General Store.
 67639 | Elf:3    | Bought a scroll of teleportation for 48 gold pieces
 68324 | Elf:3    | Identified the +4 dagger of the Gloaming {venom, rN++ rCorr
                  | Int-4 Dex+3}
 68324 | Elf:3    | Identified the amulet "Xykeju" {rPois rN+ Regen+}
 68328 | Elf:3    | Identified the +5 battleaxe of the Old World {vorpal, Fly
                  | rElec MP+9 Int+4}
 68332 | Elf:3    | Paralysed by an air elemental for 1 turns
 68837 | Elf:3    | Got Qenolof's Guide on Beguiling and Moulding
 68890 | Elf:3    | Found the +2 ratskin cloak {*Rats rPois rN+ Str-1 Int-1
                  | Dex+1}
 68891 | Elf:3    | Found the +3 hat of Pondering {ponderous, Will+ MP+10
                  | Int+5}
 68895 | Elf:3    | Got the Guide on Displacement
 68951 | Elf:3    | Identified the +2 chain mail of Eternal Vigilance {rF+}
                  | (You took it off a deep elf master archer on level 3 of the
                  | Elven Halls)
 69115 | Elf:3    | Found Peceb's Jewellery Shop.
 69616 | Vaults:5 | Entered Level 5 of the Vaults
 69619 | Vaults:5 | Reached skill level 10 in Transmutations
 69632 | Vaults:5 | Reached XP level 23. HP: 56/116 MP: 42/59
 70162 | Crypt:1  | Entered Level 1 of the Crypt
 70291 | Crypt:1  | Noticed Boris
 70293 | Crypt:1  | Killed Boris
 71352 | Crypt:2  | Reached skill level 25 in Spellcasting
 72394 | Crypt:2  | Reached skill level 15 in Necromancy
 72797 | Crypt:3  | Entered Level 3 of the Crypt
 72800 | Crypt:3  | Noticed Mennas
 72805 | Crypt:3  | Mangled by Mennas

Illustrated notes

Levels and vault maps discovered:
D:1:      dpeg_arrival_central, layout_basic, serial_shops, shop_statue
D:2:      layout_basic, basic_ecumenical_altar, minmay_misc_feat_encased,
          serial_bayou_pond_a
D:3:      layout_basic, ebering_ghost_reflecting_pool,
          ebering_dispersal_statue_hall, amcnicky_mini_pool_small,
          serial_bayou_crossing
D:4:      layout_basic, bloody_makhleb, slow_altar_1, grunt_ashenzari_visionary
          [grunt_ashenzari_visionary_swamp, grunt_ashenzari_visionary_spider],
          minmay_temple_entry_enclosed_plants, st_stairs_14,
          hangedman_decor_slide_cut
D:5:      layout_gridville, grunt_temple_overflow_growth_and_decay
D:6:      layout_basic, nicolae_hepliaklqana_hazy_memory, ebering_ghost_sewer_d,
          portal_sewer_entry_a, amcnicky_mini_rare_corridor_liquid,
          sigmund_edmund_badplayer
D:7:      cheibrodos_barr_body, layout_rooms, supply_closet_lemuel,
          chequers_jeans
D:8:      layout_basic
D:9:      layout_loops_ring, mainiacjoe_overflow_24_doors,
          mainiacjoe_overflow_swirl
D:10:     layout_loops_ring, grunt_temple_overflow_open, minmay_joined_circles,
          uniq_nergalle, uniq_snorg
D:11:     layout_roguey, lair_entry_dummy, serial_shops, shop, special_room
          [special_room_orc], serial_bayou_pond_e, uniq_erolcha, uniq_sonja
D:12:     layout_irregular_city, serial_shops, shop, uniq_josephine, uniq_kirke
D:13:     doesnt_quadruple_sword, layout_stronghold,
          hangedman_vaults_entry_quadrant_bands
D:14:     layout_cross, minmay_misc_feat_alley, kennysheep_cluttered_room,
          uniq_agnes
D:15:     gammafunk_depths_entry_grave, layout_basic, nicolae_two_hexagons
Temple:   corrupted_temple
Lair:1:   layout_gridlike, infiniplex_staircase_pool
Lair:2:   dragon1_lemuel, layout_chaotic_city, chequers_serial_rivers_small_b,
          beast_lair_carwin_3
Lair:3:   layout_regular_city, swamp_mist_pool, nzn_masters_of_martial_movement
Lair:4:   layout_gridlike, spider_nest_entry_rubble, kennysheep_basilisk_garden,
          lemuel_fruit_fields, grunt_megastairs_3
Lair:5:   layout_layer_cave
Lair:6:   wormcave, layout_loops_ring, hangedman_lair_in_review, slime_altar_1,
          chequers_serial_rivers_room_b, uniq_rupert
Swamp:1:  layout_falls_marsh, nicolae_swamp_bean_lake, wheals_swamp_sinkhole
Swamp:2:  layout_falls_marsh, evilmike_swamp_ruin_house_4
Swamp:3:  layout_basic_swamp, evilmike_swamp_ruin_rubble_1, uniq_donald,
          uniq_jorgrun
Swamp:4:  swamp_alternative, layout_basic_swamp, swamp_pool3
Spider:1: layout_spider_delve
Spider:2: layout_spider_delve, uniq_arachne
Spider:3: lemuel_spider_zombies, uniq_bai_suzhen
Spider:4: grunt_spider_rune_circles
Orc:1:    layout_caves
Orc:2:    kennysheep_orc_mage_school, layout_caves, serial_shops, shop,
          hellmonk_bongcloud_opening
Elf:1:    elf_arrival_001, layout_gridlike, kennysheep_underground_church,
          serial_sigils_hangedman_gnaw, nicolae_shop_gadgets, uniq_asterion
Elf:2:    layout_loops_corners, st_stairs_12, minmay_shop_grove
Elf:3:    elf_hall_gauntlet_wide, layout_onion_city,
          portal_ice_cave_entry_pillars_four, mu_enter_wizlab_7, serial_shops,
          nicolae_shop_trees, nicolae_shop_waterfront, shop, sword_in_stone
Vaults:1: v_rooms_2, hangedman_vaults_corner_blocks, v_misc_30, v_alt_pattern_5,
          vaults_dpeg_cross, hangedman_vaults_snaps,
          nicolae_vaults_little_squares_1, ontoclasm_vaults_decontamination,
          nicolae_vaults_what_the_h, nicolae_vaults_alarming,
          layout_vaults_ring, enter_trove_2, serial_shops, shop
Vaults:2: v_pattern_2, ontoclasm_vaults_spin, nicolae_vaults_puzzle_piece,
          vaults_room_corners, v_misc_4, grunt_vaults_diagonal,
          minmay_crypt_entry_skeletal_spiral, vaults_room_hallway,
          layout_vaults_omnigrid, uniq_margery, uniq_frederick, uniq_mara
Vaults:3: nicolae_vaults_big_angled_halls, ontoclasm_vaults_ring_small,
          vaults_room_stairs_pillars, v_misc_18, v_rooms_3, v_misc_13,
          v_pattern_3, ontoclasm_vaults_chip, vaults_room_door_ring,
          nicolae_vaults_circle_grid_b, vaults_mumra_minichess_inversion,
          vaults_mumra_chevron, nicolae_vaults_sealed_display,
          layout_vaults_omnibox
Vaults:4: nicolae_vaults_little_squares_2, ontoclasm_vaults_claustrophobia,
          v_pattern_1, nicolae_vaults_big_ls, nicolae_vaults_ring_of_whatevers,
          ontoclasm_vaults_misaligned, v_misc_14, hangedman_vaults_trim,
          v_alt_pattern_6, vaults_room_grunt_arrival_ludios,
          vaults_standard_mumra_x, v_misc_17, vaults_room_hallway,
          layout_vaults_maze_snakey, uniq_boris
Vaults:5
Crypt:1:  layout_misc_corridors
Crypt:2:  layout_basic, grunt_megastairs_1, lemuel_elevator
Crypt:3:  church_of_pain_bobbens, layout_chaotic_city,
          nicolae_tomb_entry_grand_gallery, ebering_ghost_rock_garden,
          uniq_mennas

Skill      XL: |  1  2  3  4  5  6  7  8  9 10 11 12 13 14 15 16 17 18 19 20 21 22 23 |
---------------+----------------------------------------------------------------------+-----
Stealth        | 3 4 5 9 12 14 | 14.2
Spellcasting   | 4 5 6 9 11 14 15 17 19 21 22 24 25 | 25.1
Conjurations   | 5 6 7 |  7.1
Transmutations | 1 2 3 4 6 11 12 | 12.6
Earth Magic    | 1 2 3 4 5 9 13 17 19 21 22 | 22.4
Fighting       | 1 2 3 |  3.8
Translocations | 1 2 3 4 |  4.8
Throwing       | 1 2 3 4 5 |  5.0
Evocations     | 1 2 3 4 |  4.9
Hexes          | 7 12 14 | 14.0
Short Blades   | 8 12 14 | 14.0
Necromancy     | 3 4 6 10 13 15 | 15.1
Ice Magic      | 3 4 6 |  6.1
Air Magic      | 2 4 |  4.8
Poison Magic   | 3 5 |  5.3
Dodging        | |  2.4

Action                   |  1- 3 |  4- 6 |  7- 9 | 10-12 | 13-15 | 16-18 | 19-21 | 22-24 || total
-------------------------+-------+-------+-------+-------+-------+-------+-------+-------++-------
Melee: Trident           |    42 |    11 |       |       |       |       |       |       ||    53
       Hand axe          |       |       |    50 |     1 |       |       |       |       ||    51
       Rapier            |       |       |       |    35 |   157 |   150 |     5 |       ||   347
       Staff             |       |       |       |       |       |       |     3 |       ||     3
Throw: Dart              |       |       |     6 |    67 |    20 |    21 |     6 |       ||   120
 Cast: Magic Dart        |    16 |    23 |    27 |    16 |       |       |       |       ||    82
       Searing Ray       |    13 |    38 |    74 |   106 |    59 |     1 |       |       ||   291
       Iskenderun's Myst |       |       |     7 |    77 |    74 |    64 |       |       ||   222
       Passwall          |       |       |     3 |       |     1 |       |     3 |     4 ||    11
       Invisibility      |       |       |       |    34 |    47 |   117 |    39 |     3 ||   240
       Lee's Rapid Decon |       |       |       |       |    32 |     1 |       |       ||    33
       Petrify           |       |       |       |       |     1 |     1 |       |       ||     2
       Stone Arrow       |       |       |       |       |     1 |   239 |   124 |       ||   364
       Airstrike         |       |       |       |       |       |   515 |    39 |     1 ||   555
       Dispel Undead     |       |       |       |       |       |    22 |     8 |       ||    30
       Mephitic Cloud    |       |       |       |       |       |     5 |     2 |       ||     7
       Sublimation of Bl |       |       |       |       |       |     4 |    12 |       ||    16
       Olgreb's Toxic Ra |       |       |       |       |       |   118 |     8 |       ||   126
       Swiftness         |       |       |       |       |       |     1 |     1 |     2 ||     4
       Borgnjor's Vile C |       |       |       |       |       |    56 |   100 |       ||   156
       Shatter           |       |       |       |       |       |       |   324 |   182 ||   506
       Blink             |       |       |       |       |       |       |     1 |       ||     1
       Necromutation     |       |       |       |       |       |       |       |    14 ||    14
Evoke: Wand              |       |       |       |     8 |     7 |     2 |       |       ||    17
       Box of beasts     |       |       |       |       |       |     1 |       |       ||     1
  Use: Scroll            |       |     6 |    12 |     7 |     7 |     8 |     4 |       ||    44
       Potion            |       |       |     1 |     4 |     2 |     4 |     3 |       ||    14
 Stab: Sleeping          |     1 |     2 |     2 |    18 |    53 |    71 |     5 |       ||   152
       Invisible         |       |       |       |     2 |    21 |    18 |       |       ||    41
Armor: Robe              |     9 |     2 |    18 |    20 |    15 |    41 |    11 |     2 ||   118
Dodge: Dodged            |    38 |    25 |   114 |   116 |   186 |   193 |    31 |     6 ||   709

Table legend: (Time is in decaauts)
 A = Elapsed time spent in this place.
 B = Non-inter-level travel time spent in this place.
 C = Inter-level travel time spent in this place.
 D = Time resting spent in this place.
 E = Time spent auto-exploring this place.
 F = Levels seen in this place.
 G = Mean time per level.
                   A        B        C        D        E       F      G
               +--------+--------+--------+--------+--------+-----+--------+
         Total |  73346 |  68977 |   4369 |  22021 |  31372 |  45 | 1629.9 |
       Dungeon |  25326 |  23317 |   2009 |   6130 |  12217 |  15 | 1688.4 |
        Temple |     82 |     70 |     12 |      0 |     39 |   1 |   82.0 |
          Lair |   9436 |   8595 |    841 |   1468 |   5271 |   6 | 1572.7 |
         Swamp |   7165 |   6879 |    286 |   3985 |    817 |   4 | 1791.2 |
   Spider Nest |   8476 |   8240 |    236 |   4263 |   1712 |   4 | 2119.0 |
  Orcish Mines |   2877 |   2628 |    249 |    852 |    615 |   2 | 1438.5 |
   Elven Halls |   4740 |   4645 |     95 |   1084 |   2678 |   3 | 1580.0 |
        Vaults |  10480 |   9936 |    544 |   3474 |   4938 |   5 | 2096.0 |
         Crypt |   2587 |   2493 |     94 |    293 |   1932 |   3 |  862.3 |
         Sewer |    820 |    820 |      0 |      0 |    540 |   1 |  820.0 |
        Wizlab |   1349 |   1349 |      0 |    472 |    611 |   1 | 1349.0 |
               +--------+--------+--------+--------+--------+-----+--------+

Top non-repeatable levels by time:
    D:13: 3843 daAuts
 Swamp:3: 3213 daAuts
Vaults:1: 3115 daAuts
  Lair:6: 2908 daAuts
    D:11: 2728 daAuts
Vaults:2: 2651 daAuts
Spider:3: 2584 daAuts
Vaults:3: 2497 daAuts
Spider:4: 2304 daAuts
    D:10: 2220 daAuts
Vaults:4: 2199 daAuts
Spider:1: 2179 daAuts
   Orc:2: 2123 daAuts
    D:12: 1947 daAuts
     D:9: 1798 daAuts
